AoeStats
← Spieler1237765

Arena

510162624Analyzed
2v2 RM · 4d ago on Sep 29, 2026· 41m 35s· 4 players
Game mode
Random Map
Map size
Medium (4 player)
Population
200
Speed
Normal
Resources
Standard
Victory
Conquest
Starting age
Dark Age
Ending age
Imperial Age
RankedLock teamsTeams togetherTeam positionsShared explorationLock speedFull tech treeHidden civsTurbo modeCheats
Victory
Defeat
🇪🇸 Byzantines · Spain
1003
+14
🇪🇸 Portuguese · Spain
996
+14
🇩🇪 Britons · Germany
1000
-45
🇩🇪 Goths · Germany
927
-38
Glatzlord
13:13 Feudal Age
15:35 Wheelbarrow
15:11 Horse Collar
17:40 Loom
18:10 Double-Bit Axe
24:52 Castle Age
26:22 Heavy Plow
28:21 Hand Cart
29:26 Pikeman
32:40 Scale Mail Armor
39:04 Man-at-Arms
42:22 Imperial Age
40:05 Anarchy
40:06 Long Swordsman
Spieler1237765
16:20 Feudal Age
27:33 Castle Age
28:52 Gambesons
34:01 Scale Mail Armor
38:23 Chain Mail Armor
STRONGOZ
12:14 Feudal Age
10:30 Loom
12:59 Horse Collar
13:07 Double-Bit Axe
16:44 Castle Age
16:26 Fletching
20:35 Bodkin Arrow
23:00 Padded Archer Armor
23:05 Heavy Plow
23:19 Bow Saw
25:21 Elite Skirmisher
27:27 Padded Archer Armor
29:23 Gold Mining
33:04 Imperial Age
32:31 Gold Shaft Mining
32:21 Ballistics
33:06 Wheelbarrow
35:37 Chemistry
35:47 Crop Rotation
36:09 Bracer
36:24 Leather Archer Armor
37:24 Two-Man Saw
38:19 Elite Varangian Guard
38:47 Arson
39:02 Squires
38:23 Pikeman
40:38 Ring Archer Armor
40:19 Forging
40:09 Scale Mail Armor
40:15 Scale Barding Armor
41:09 Greek Fire
EsteEdward
10:29 Feudal Age
15:20 Castle Age
13:28 Loom
15:46 Double-Bit Axe
25:17 Fervor
28:11 Imperial Age
27:50 Town Watch
28:41 Wheelbarrow
31:16 Chemistry
30:39 Ballistics
33:42 Conscription
33:31 Scale Mail Armor
33:42 Forging
33:15 Pikeman
34:49 Murder Holes
34:35 Treadmill Crane
35:06 Masonry
37:21 Guilds
37:42 Hand Cart
38:15 Block Printing
38:22 Sanctity
38:38 Theocracy
37:40 Halberdier
38:07 Arson
39:46 Town Patrol
39:51 Capped Ram
41:08 Circumnavigation
41:12 Elite Organ Gun
42:29 Architecture
Connection lost

Rejoining the realm…

Still unreachable

The connection could not be restored.

Session expired

The server has moved on; the page needs a fresh start.